 Dungeon Crawl Stone Soup version 0.13-a0-2484-gc765b08 (webtiles) character file.

18279 Rycklaryybbe the Carver (level 12, -5/102 HPs)
             Began as a Yellow Draconian Fighter on July 19, 2013.
             Was an Elder of Nemelex Xobeh.
             Slain by a death yak simulacrum (19 damage)
             ... in an ice cave on July 20, 2013.
             The game lasted 00:56:23 (12522 turns).

Rycklaryybbe the Carver (Yellow Draconian Fighter) Turns: 12522, Time: 00:56:23

HP  -5/102       AC 12     Str 20      XL: 12   Next: 22%
MP   8/11        EV 15     Int  8      God: Nemelex Xobeh [****..]
Gold 450         SH 23     Dex 20      Spells:  1 memorised, 10 levels left

Res.Fire  : . . .   See Invis. : .   P - +4,+3 scimitar (freeze)
Res.Cold  : . . .   Warding    : .   (armour unavailable)
Life Prot.: . . .   Conserve   : .   c - +0 shield
Res.Poison: .       Res.Corr.  : +   (helmet restricted)
Res.Elec. : .       Clarity    : .   (no cloak)
Sust.Abil.: . .     Spirit.Shd : .   b - +1 pair of gauntlets
Res.Mut.  : .       Stasis     : .   d - +0 pair of boots
Res.Rott. : .       Flight     : .   (no amulet)
Saprovore : . . .                    A - +1 ring of protection
                                     l - +3 ring of dexterity

@: somewhat resistant to hostile enchantments, fairly stealthy
A: spit acid, acid resistance, unfitting armour, fangs 1, AC +8, Str +1, Dex +1
a: Spit Acid, Draw One, Peek at Two, Triple Draw, Deal Four, Renounce Religion


You were in an ice cave.
You worshipped Nemelex Xobeh.
Nemelex Xobeh was extremely pleased with you.
You were hungry.

You visited 3 branches of the dungeon, and saw 13 of its levels.
You also visited: Ice Cave.

You collected 519 gold pieces.

Inventory:

Hand weapons
 w - a +0,+0 long sword
 M - a +1,+1 vampiric trident
 P - a +4,+3 scimitar of freezing (weapon)
Missiles
 t - 16 silver bolts
 G - 20 stones (quivered)
 U - 2 throwing nets
Armour
 b - a +1 pair of gauntlets (worn)
 c - a +0 shield (worn)
 d - a +0 pair of boots (worn)
 s - a +0 buckler
Magical devices
 e - a wand of fireball (6) {unknown}
 i - a wand of frost (11)
 v - a wand of draining (11)
 F - a wand of paralysis (6)
 H - a wand of slowing (15) {unknown}
Comestibles
 f - 4 bread rations
 B - 4 meat rations
 Q - 6 honeycombs
 R - 3 cheeses
 S - 2 lemons
Scrolls
 a - 2 scrolls of blinking
 g - 2 scrolls of enchant armour
 k - 2 scrolls of fear
 n - 9 scrolls of identify
 o - 11 scrolls of teleportation
 y - 7 scrolls of remove curse
 I - a scroll of enchant weapon III
 L - 2 scrolls of immolation {unknown}
 N - 2 scrolls of recharging
 Y - a scroll of silence {unknown}
 Z - a scroll of fog
Jewellery
 l - a +3 ring of dexterity (left hand)
 A - a +1 ring of protection (right hand)
 X - an uncursed ring of sustenance {unknown}
Potions
 j - 2 potions of cure mutation {unknown}
 m - 5 potions of curing
 x - 2 potions of porridge {unknown}
 z - a potion of agility
 C - 3 potions of might
 D - a potion of brilliance
 E - 3 potions of restore abilities
 J - a potion of beneficial mutation {unknown}
 K - a potion of resistance
Books
 q - a book of Cantrips

   Spells                             Type                      Level
   Confusing Touch                    Hexes                        1
   *Animate Skeleton                  Necromancy                   1
   Summon Small Mammal                Summoning                    1
   Apportation                        Translocation                1
 u - a book of Frost

   Spells                             Type                      Level
   Freeze                             Ice                          1
   Throw Frost                        Conjuration/Ice              2
   Ozocubu's Armour                   Charms/Ice                   3
   Throw Icicle                       Conjuration/Ice              4
   Summon Ice Beast                   Ice/Summoning                4
   Condensation Shield                Ice                          4
 O - a book of Death

   Spells                             Type                      Level
   Corpse Rot                         Necromancy                   2
   Sublimation of Blood               Necromancy                   2
   Agony                              Necromancy                   5
   Dispel Undead                      Necromancy                   5
   Excruciating Wounds                Charms/Necromancy            5
   Bolt of Draining                   Conjuration/Necromancy       6
Miscellaneous
 h - a plain deck of escape {drawn: 4}
 p - an ornate deck of summonings
 T - a plain deck of defence {drawn: 3}
 V - a plain deck of war {drawn: 3}
 W - an ornate deck of summonings {drawn: 1}


   Skills:
 + Level 9.8 Fighting
   Level 5.6 Short Blades
 + Level 14.0 Long Blades
   Level 1.7 Axes
 * Level 6.2 Dodging
 - Level 7.2 Shields
 - Level 4.6 Unarmed Combat


You had 10 spell levels left.
You knew the following spells:

 Your Spells              Type           Power        Failure   Level  Hunger
a - Animate Skeleton      Necr           N/A          82%         1    ##.....


Dungeon Overview and Level Annotations

Branches:
Dungeon (10/27)            Temple (1/1) D:5             Orc (0/4) D:8
   Lair (2/8) D:10

Altars:
Ashenzari
Cheibriados
Elyvilon
Fedhas
Kikubaaqudgha
Makhleb
Nemelex Xobeh
Okawaru
Sif Muna
Trog
Vehumet
Xom
Yredelemnul
Zin
the Shining One

Shops:
D:5: % D:8: [


Innate Abilities, Weirdness & Mutations

You can spit globs of acid.
You can corrode armour when you spit acid.
You are resistant to acid.
Your golden yellow scales are hard (AC +8).
Your body does not fit into most forms of armour.
Your cold-blooded metabolism reacts poorly to cold.
You have very sharp teeth.
You are agile (Dex +1).
Your muscles are strong (Str +1).


Message History

The death yak simulacrum completely misses you.
Use which ability? (? or * to list)
You fail to use your ability.
Your polar bear barely misses the alligator simulacrum.
Your polar bear claws the alligator simulacrum but does no damage.
The alligator simulacrum bites your polar bear but does no damage.
The alligator simulacrum tail-slaps your polar bear.
The alligator simulacrum freezes your polar bear!
Your polar bear resists.
Your polar bear dies!
Your polar bear's corpse disappears in a puff of smoke!
The death yak simulacrum gores you. The death yak simulacrum freezes you!
* * * LOW HITPOINT WARNING * * *
Drink which item? (? for menu, Esc to quit)
You feel better. The death yak simulacrum gores you.
* * * LOW HITPOINT WARNING * * *
The death yak simulacrum freezes you!
You die...
Your body glows slightly and disappears.

#### ##..##
###....##
...##.......#
#.......∩Z@.#
##.......Z..#
##..##....##
## ##..##
####


You could see an alligator simulacrum and a death yak simulacrum.

Vanquished Creatures
  Nergalle (D:10)
  Erolcha (D:9)
  A black mamba (Lair:1)
  5 elephants (Lair:2)
  2 spiny frogs
  A two-headed ogre (D:9)
  A hydra skeleton (D:8)
  A wyvern (D:8)
  2 basilisks
  A shark (D:10)
  15 yaks
  3 hippogriffs
  3 wolves (Lair:2)
  2 porcupines (Lair:1)
  2 manticores
  2 necrophages
  2 soldier ants (D:10)
  2 ice beasts
  3 sky beasts
  3 giant goldfish (D:10)
  2 black bears
  2 crocodiles
  3 phantoms
  7 orc warriors
  2 ogres
  A big kobold (D:9)
  2 centaurs
  3 wargs (D:8)
  2 giant slugs
  5 giant frogs
  An agate snail (Lair:1)
  2 water moccasins
  A komodo dragon skeleton (D:9)
  3 jellyfish (D:10)
  3 eyes of draining
  6 killer bees
  A hippogriff skeleton (D:10)
  4 wights (D:6)
  4 hounds
  A giant frog zombie (D:9)
  A gnoll shaman (D:6)
  2 big fish (D:10)
  2 electric eels (D:10)
  3 orc wizards
  A giant frog skeleton (D:5)
  A quasit (D:10)
  6 crimson imps
  A spider (D:10)
  6 scorpions
  2 orc priests
  An iguana (Lair:1)
  6 worker ants
  3 spectral orcs (D:10)
  3 sheep (D:10)
  An ogre skeleton (D:6)
  A jelly (D:9)
  17 adders
  6 gnolls (D:6)
  9 green rats
  A steam dragon skeleton (D:9)
  A giant centipede (D:10)
  An inept feature mimic (D:8)
  2 giant mites (D:5)
  4 worms
  6 giant geckos
  30 orcs
  10 bats
  5 giant cockroaches
  9 goblins
  15 hobgoblins
  14 jackals
  A ball python (D:6)
  A giant gecko skeleton (D:6)
  4 giant newts
  2 hobgoblin skeletons (D:6)
  24 kobolds
  A kobold skeleton (D:6)
  3 orc skeletons
  2 orc zombies
  3 quokkas
  12 rats
331 creatures vanquished.

Vanquished Creatures (collateral kills)
  A giant frog (Lair:1)
  2 elephant simulacra (IceCv)
  A quokka (Lair:1)
4 creatures vanquished.

Vanquished Creatures (others)
  A polar bear (IceCv)
  A grizzly bear (IceCv)
  A big kobold (Lair:1)
  A giant frog (D:8)
  A crimson imp (Lair:2)
  A hound (D:8)
  2 orcs (D:8)
  A bat (D:8)
  A hobgoblin (D:8)
  A quokka (D:8)
  A rat (D:4)
12 creatures vanquished.

Grand Total: 347 creatures vanquished

Notes
Turn   | Place    | Note
--------------------------------------------------------------
     0 | D:1      | Rycklaryybbe, the Draconian Fighter, began the quest for the Orb.
     0 | D:1      | Reached XP level 1. HP: 19/19 MP: 0/0
   108 | D:1      | Found a deep blue altar of Sif Muna.
   142 | D:1      | Reached XP level 2. HP: 24/26 MP: 1/1
   747 | D:2      | Reached XP level 3. HP: 22/33 MP: 2/2
  1204 | D:2      | Reached skill level 4 in Long Blades
  1452 | D:2      | Reached XP level 4. HP: 39/39 MP: 3/3
  1880 | D:3      | Reached skill level 5 in Long Blades
  2139 | D:3      | Reached XP level 5. HP: 44/46 MP: 4/4
  2227 | D:3      | Found a glowing silver altar of Zin.
  2408 | D:4      | Found a white marble altar of Elyvilon.
  2461 | D:4      | Found a sparkling altar of Nemelex Xobeh.
  2545 | D:4      | Noticed a phantom
  2564 | D:4      | Killed a phantom
  2564 | D:4      | Reached skill level 6 in Long Blades
  2923 | D:4      | Found a bloodstained altar of Trog.
  2934 | D:4      | Reached XP level 6. HP: 46/52 MP: 1/5
  3091 | D:4      | Reached skill level 7 in Long Blades
  3117 | D:5      | Entered Level 5 of the Dungeon
  3251 | D:5      | Noticed a necrophage
  3280 | D:5      | Killed a necrophage
  3280 | D:5      | Your scales start taking on a golden yellow colour.
  3280 | D:5      | Reached XP level 7. HP: 52/58 MP: 6/6
  3313 | D:5      | Found a snail-covered altar of Cheibriados.
  3318 | D:5      | Reached skill level 8 in Long Blades
  3470 | D:5      | Found Nocoac's Food Emporium.
  3513 | D:5      | Found a staircase to the Ecumenical Temple.
  3560 | Temple   | Entered the Ecumenical Temple
  3742 | Temple   | Upgraded the game from 0.13-a0-2477-geaae114 to 0.13-a0-2484-gc765b08
  3812 | Temple   | Became a worshipper of Nemelex Xobeh
  3819 | Temple   | Received a gift from Nemelex Xobeh
  4387 | D:5      | Found a bloodstained altar of Trog.
  4437 | D:5      | Found a sparkling altar of Nemelex Xobeh.
  4944 | D:5      | Reached skill level 9 in Long Blades
  5153 | D:6      | Reached XP level 8. HP: 44/66 MP: 7/7
  5178 | D:6      | Acquired Nemelex Xobeh's first power
  6010 | D:6      | Acquired Nemelex Xobeh's second power
  6095 | D:6      | Reached skill level 1 in Axes
  6111 | D:6      | Reached skill level 5 in Shields
  6327 | D:6      | Paralysed by a potion of paralysis for 4 turns
  6331 | D:6      | Gained mutation: You have a fast metabolism. [potion of mutation]
  6331 | D:6      | Gained mutation: Your digestive system is specialised to digest meat. [potion of mutation]
  6331 | D:6      | Lost mutation: You have a fast metabolism. [potion of mutation]
  6349 | D:6      | Reached skill level 10 in Long Blades
  6406 | D:6      | Found a blossoming altar of Fedhas.
  6757 | D:7      | Learned a level 1 spell: Animate Skeleton
  7112 | D:7      | Received a gift from Nemelex Xobeh
  7431 | D:8      | Found Dyucoum's Antique Armour Boutique.
  7469 | D:8      | Reached XP level 9. HP: 63/71 MP: 8/8
  7482 | D:8      | Found a shimmering altar of Xom.
  7684 | D:8      | Found a staircase to the Orcish Mines.
  7692 | D:8      | Reached skill level 11 in Long Blades
  7697 | D:8      | Acquired Nemelex Xobeh's third power
  7697 | D:8      | Received a gift from Nemelex Xobeh
  7798 | D:8      | Reached skill level 5 in Fighting
  8007 | D:9      | Noticed Erolcha
  8243 | D:9      | Paralysed by Erolcha for 7 turns
  8258 | D:9      | Killed Erolcha
  8258 | D:9      | Reached skill level 12 in Long Blades
  8258 | D:9      | Reached XP level 10. HP: 39/82 MP: 6/9
  8714 | D:9      | Lost mutation: Your digestive system is specialised to digest meat. [helix card]
  8714 | D:9      | Received a gift from Nemelex Xobeh
  8906 | D:9      | Reached skill level 1 in Short Blades
  8987 | D:9      | Gained mutation: You are agile (Dex +1). [potion of mutation]
  8987 | D:9      | Gained mutation: Your muscles are strong (Str +1). [potion of mutation]
  8987 | D:9      | Gained mutation: You have very sharp teeth. [potion of mutation]
  9127 | D:9      | Reached skill level 5 in Short Blades
  9359 | D:9      | Acquired Nemelex Xobeh's fourth power
  9381 | D:9      | Received a gift from Nemelex Xobeh
  9742 | D:10     | Entered Level 10 of the Dungeon
  9831 | D:10     | Reached skill level 13 in Long Blades
  9831 | D:10     | Reached skill level 5 in Dodging
  9831 | D:10     | Reached XP level 11. HP: 85/92 MP: 10/10
  9842 | D:10     | Noticed Nergalle
  9858 | D:10     | Killed Nergalle
  9858 | D:10     | Reached skill level 1 in Unarmed Combat
 10117 | D:10     | Found a staircase to the Lair.
 10481 | D:10     | Found a deep blue altar of Sif Muna.
 10552 | Lair:1   | Entered Level 1 of the Lair of Beasts
 10745 | Lair:1   | Your ally Ploeng died
 11344 | Lair:1   | Received a gift from Nemelex Xobeh
 11859 | Lair:2   | Reached XP level 12. HP: 94/101 MP: 11/11
 11960 | Lair:2   | Reached skill level 14 in Long Blades
 11980 | Lair:2   | Received a gift from Nemelex Xobeh
 12500 | Lair:2   | Found a frozen archway.
 12509 | IceCv    | Entered an ice cave
 12522 | IceCv    | Slain by a death yak simulacrum

Action                   |  1- 3 |  4- 6 |  7- 9 | 10-12 || total
-------------------------+-------+-------+-------+-------++-------
Melee: Falchion          |   146 |    63 |       |       ||   209
       Long sword        |       |   122 |   138 |    11 ||   271
       Scimitar          |       |       |   275 |   491 ||   766
Throw: Dart              |       |     2 |       |       ||     2
       Club              |       |     1 |       |       ||     1
Invok: Draw One          |       |       |     2 |    20 ||    22
       Triple Draw       |       |       |     1 |     6 ||     7
       Peek at Two       |       |       |       |     1 ||     1
 Abil: Spit Acid         |       |       |     7 |     1 ||     8
       End Transformatio |       |       |       |     1 ||     1
Evoke: Wand              |       |       |     3 |     2 ||     5
  Use: Scroll            |       |       |    16 |     1 ||    17
       Potion            |       |       |     6 |     7 ||    13
 Stab: Sleeping          |       |     2 |       |     3 ||     5
       Distracted        |       |       |     1 |       ||     1
